 Dungeon Crawl Stone Soup version 0.23-a0-372-g5ce4c07210 (webtiles) character file.

19035 Sokar the Summoner (level 12, -3/58 HPs)
             Began as a Felid Summoner on Oct 24, 2018.
             Was a High Priest of Ru.
             Slain by a killer bee (8 damage)
             ... on level 13 of the Dungeon on Oct 25, 2018.
             The game lasted 02:59:31 (23661 turns).

Sokar the Summoner (Felid Summoner)                Turns: 23661, Time: 02:59:32

Health: -3/58      AC:  3    Str:  2    XL:     12   Next: 33%
Magic:  26/26      EV: 15    Int: 29    God:    Ru [*****.]
Gold:   1322       SH:  0    Dex: 17    Spells: 5/29 levels left
                                        Lives:  0   Deaths: 4

rFire    + . .     SeeInvis +     - Unarmed
rCold    + . .     Gourm    .   (shield unavailable)
rNeg     . . .     Faith    .   (armour unavailable)
rPois    .         Spirit   .   (helmet unavailable)
rElec    +         Reflect  .   (cloak unavailable)
rCorr    .         Harm     .   (gloves unavailable)
MR       +....                  (boots unavailable)
Stlth    ++++......             h - amulet of magic regeneration
HPRegen  0.19/turn              f - ring of protection from magic
MPRegen  0.45/turn              M - ring of Guqonaet {*Contam rElec rF+ Str-2 Int+8}

@: no potions, quick
A: very small, no armour, no weapons or thrown items, stealth, claws 1, fangs 3,
see invisible, carnivore, speed 1, shaggy fur 3, slow metabolism 1, inability to
drink while threatened, inability to train dodging, magic vulnerability 1, sharp
paws
a: Draw Out Power, Power Leap, Apocalypse, Renounce Religion


You were on level 13 of the Dungeon.
You worshipped Ru.
Ru was extremely pleased with you.
You were very full.

You visited 4 branches of the dungeon, and saw 22 of its levels.
You also visited: Labyrinth.

You collected 2308 gold pieces.
You spent 986 gold pieces at shops.

Inventory:

Jewellery
 c - a +2 amulet of reflection
 f - a ring of protection from magic (left paw)
 h - an amulet of magic regeneration (around neck)
 p - the ring of Fun {Fire rN+ Str+2}
   (You found it on level 10 of the Dungeon)

   [ring of fire]

   It enhances your fire magic.
   It affects your strength (+2).
   It protects you from fire.
   It makes you vulnerable to cold.
   It protects you from negative energy.
 D - an uncursed ring of poison resistance
 H - the ring "Hostul" {rN+ Str+3}
   (You found it in a labyrinth)

   [ring of positive energy]

   It affects your strength (+3).
   It protects you from negative energy.
 I - an uncursed ring of protection from fire
 J - an uncursed ring of positive energy {unknown}
 K - an uncursed ring of protection from cold
 M - the ring of Guqonaet (right paw) {*Contam rElec rF+ Str-2 Int+8}
   (You bought it in a shop on level 2 of the Orcish Mines)

   [ring of protection from fire]

   It affects your strength (-2).
   It affects your intelligence (+8).
   It protects you from fire.
   It insulates you from electricity.
   It causes magical contamination when unequipped.
 O - an uncursed amulet of guardian spirit {unknown}
Wands
 d - a wand of acid (10)
 n - a wand of iceblast (20)
 v - a wand of digging (26)
 w - a wand of enslavement (6)
 x - a wand of paralysis (23)
 y - a wand of polymorph (49)
 G - a wand of flame (62)
Scrolls
 g - 11 scrolls of teleportation
 i - 6 scrolls of magic mapping
 l - 4 scrolls of remove curse
 o - 3 scrolls of amnesia
 s - 3 scrolls of identify
Potions
 a - 2 potions of agility
 e - 2 potions of magic
 j - 6 potions of lignification
 k - 3 potions of flight
 m - 6 potions of curing
 q - 5 potions of mutation
 r - 4 potions of brilliance
 t - 4 potions of haste
 u - 2 potions of berserk rage
 z - 2 potions of invisibility
 B - 2 potions of ambrosia {unknown}
 E - 2 potions of degeneration {unknown}
 L - 3 potions of heal wounds
Miscellaneous
 C - a lamp of fire
 N - a lightning rod (2/4)
Comestibles
 b - 36 rations


   Skills:
 - Level 10.3 Fighting
 - Level 6.9 Stealth
 - Level 2.7 Unarmed Combat
 - Level 9.0 Spellcasting
 - Level 4.0 Hexes
 + Level 13.9 Summonings
 + Level 7.9 Necromancy
 - Level 1.1 Ice Magic
 - Level 1.0 Air Magic
 - Level 6.0 Evocations


You had 5 spell levels left.
You knew the following spells:

 Your Spells              Type           Power        Failure   Level  Hunger
a - Summon Small Mammal   Summ           ####         0%          1    None
b - Call Imp              Summ           #######.     1%          2    None
c - Call Canine Familiar  Summ           #######.     1%          3    None
d - Summon Guardian Gole  Hex/Summ       ######..     1%          3    None
e - Summon Lightning Spi  Summ/Air       ######..     1%          4    None
f - Summon Ice Beast      Ice/Summ       ######..     1%          4    None
g - Haunt                 Necr/Summ      ######....   36%         7    #######

Your spell library contained the following spells:

 Spells                   Type           Power        Failure   Level  Hunger
 Freeze                   Ice            ###.         2%          1    None
 Sting                    Conj/Pois      ##..         4%          1    None
 Poisonous Vapours        Pois/Air       ###...       4%          2    None
 Throw Frost              Conj/Ice       ###...       4%          2    None
 Ozocubu's Armour         Chrm/Ice       ###.....     10%         3    None
 Mephitic Cloud           Conj/Pois/Air  ###.....     11%         3    None
 Throw Icicle             Conj/Ice       ###.....     32%         4    None
 Olgreb's Toxic Radiance  Pois           ##......     38%         4    None
 Silence                  Hex/Air        ####......   38%         5    ####...
 Venom Bolt               Conj/Pois      ##........   75%         5    ####...
 Bolt of Cold             Conj/Ice       ###.......   99%         6    #####..
 Conjure Ball Lightning   Conj/Air       ###.......   99%         6    #####..
 Borgnjor's Revivificati  Necr           ######....   100%        8    #######
 Death's Door             Chrm/Necr      #####.....   100%        8    #######
 Infestation              Necr           ######....   100%        8    #######
 Necromutation            Tmut/Necr      #####.....   100%        8    #######


Dungeon Overview and Level Annotations

Branches:
Dungeon (13/15)            Temple (1/1) D:7            Lair (6/6) D:11
 Shoals (0/4) Lair:2        Snake (0/4) Lair:4        Slime (0/5) Lair:6
    Orc (2/2) D:10            Elf (0/3) Orc:2
 Vaults: D:13-14

Altars:
Ashenzari
Cheibriados
Dithmenos
Elyvilon
Hepliaklqana
Kikubaaqudgha
Makhleb
Okawaru
Qazlal
Ru
Sif Muna
Trog
Uskayaw
Vehumet
Wu Jian
Xom
Yredelemnul
Zin
The Shining One
Beogh
Jiyva

Shops:
D:4 ?   D:5 [   D:7 %   D:11 }   D:12 *   Orc:2 [=*(

Annotations:
D:1 exclusion: dart slug


Innate Abilities, Weirdness & Mutations

You cannot wear armour.
You are incapable of wielding weapons or throwing items.
Your paws allow you to move quietly. (Stealth)
You have sharp claws.
You have razor-sharp teeth.
You have supernaturally acute eyesight. (SInv)
You are carnivorous and can eat meat at any time.
You cover ground quickly.
Your thick and shaggy fur keeps you warm. (AC +3, rC+)
You have a slow metabolism.
You cannot drink potions while threatened.
You cannot train Dodging skill.
You are slightly vulnerable to magic. (MR-)
Your sharp claws are effective at attacking unaware monsters.


Message History

You start resting.
A killer bee comes into view.
A killer bee comes into view.
A killer bee comes into view.
You open the door.
There is an open door here.
The killer bee buzzes angrily.
The killer bee barely misses you. The killer bee stings you!
You feel threatened and lose the ability to drink potions!
* * * LOW HITPOINT WARNING * * *
As you read the scroll labeled QYEPEF ZUESU, it crumbles to dust.
Your paws glow shimmering green for a moment.
It was a scroll of random uselessness.
You can drink potions again.
The killer bee completely misses you. The killer bee stings you.
* * * LOW HITPOINT WARNING * * *
The killer bee barely misses you. x2; The killer bee closely misses you.
The killer bee stings you!
You feel threatened and lose the ability to drink potions!
You die...

####### #.....# #.###.# #.#
#.# #.# #.# #####.###.#######
########...#.#<........#
####......'y@.#.####.####.#
###.(......##yy.#.#..#.#..#.#
#.........y....##....#.#..#.#
#.(?#........######.##....#.#
#.)...(......#....#.......#.#
#((......###.#.##.######....#
.##(.(......##.#.##.# #.##.#
.((()...........>##)# #.####
.##(..#####.##.####.# #....#


You could see 3 killer bees.

Vanquished Creatures
  A two-headed ogre (D:10)
  A death yak (Lair:4)
  An orc knight (Orc:2)
  An elephant (Lair:6)
  A centaur skeleton (D:11)
  A rime drake (Lair:2)
  A komodo dragon (Lair:3)
  A basilisk (Lair:3)
  2 steam dragons (Lair:2)
  An ice beast (D:12)
  5 orc warriors (Orc:2)
  A black bear (D:12)
  A necrophage (D:10)
  A phantom (D:10)
  3 bullfrogs
  A scorpion (Lair:2)
  2 crimson imps
  A bullfrog skeleton (D:10)
  7 orc priests
  An orc wizard (D:6)
  A worker ant (D:10)
  4 adders
  A gnoll (D:8)
  2 shadow imps
  An ooze (D:5)
  10 orcs
  3 bats
  A giant cockroach (D:6)
  A jackal (D:5)
  2 quokkas
  2 ball pythons
  2 frilled lizards (D:3)
  4 goblins
  An orc zombie (D:10)
  6 rats
75 creatures vanquished.

Vanquished Creatures (collateral kills)
  Rupert (Lair:4)
  Gastronok (Lair:1)
  2 entropy weavers (Lair:6)
  A minotaur (Lab)
  4 hydras
  The ghost of LostNumber the Archer, a journeyman BaHu of Okawaru (D:10)
  A death knight (D:12)
  2 catoblepae
  4 two-headed ogres
  6 death yaks
  A queen ant (Lair:6)
  A deep troll shaman (Lair:6)
  The ghost of skelma the Spawn of Chaos, a novice DsFi of Makhleb (Lair:1)
  3 unseen horrors
  3 lindwurms
  An ugly thing (D:12)
  2 orc knights (Orc:2)
  2 orc sorcerers (Orc:2)
  Maurice (D:13)
  4 cyclopes
  20 elephants
  A merfolk siren (Lair:2)
  5 black mambas
  A gargoyle (D:10)
  A kobold demonologist (D:13)
  9 spiny frogs
  10 komodo dragons
  6 rime drakes (Lair:2)
  2 polar bears (Lair:6)
  10 blink frogs
  11 hippogriffs
  A dream sheep (Lair:1)
  A spriggan (D:7)
  32 yaks
  2 wyverns
  2 basilisks (Lair:1)
  16 steam dragons
  3 nagas (Lair:4)
  26 soldier ants
  6 wargs
  2 acid dragons
  3 water moccasins
  8 porcupines
  6 sky beasts
  An eye of draining (D:12)
  25 orc warriors
  5 ice beasts
  3 black bears
  3 phantoms
  16 ogres
  8 wolves
  5 centaurs
  Blork the orc (Orc:2)
  2 big kobolds
  12 crocodiles
  11 bullfrogs
  A hornet simulacrum (D:10)
  3 troll zombies (D:10)
  4 scorpions
  9 killer bees (D:8)
  10 howler monkeys
  4 crimson imps
  17 orc priests
  5 hounds
  2 bullfrog zombies
  4 centaur skeletons
  A jelly (D:5)
  A bullfrog skeleton (D:8)
  An iguana (D:4)
  30 worker ants
  20 orc wizards
  A killer bee zombie (D:8)
  A bullfrog simulacrum (D:10)
  5 ogre zombies (D:10)
  A hound skeleton (D:6)
  Robin (D:2)
  5 gnolls
  12 adders
  2 shadow imps
  4 white imps (D:10)
  An ooze (D:2)
  An adder skeleton (D:6)
  2 worms
  A dart slug (D:4)
  6 leopard geckos
  76 orcs
  2 ball pythons (D:3)
  4 bats
  A giant cockroach (D:4)
  12 goblins
  7 hobgoblins
  5 jackals
  6 quokkas
  2 frilled lizards
  2 goblin skeletons (D:10)
  2 goblin zombies (D:10)
  4 hobgoblin skeletons (D:10)
  3 hobgoblin zombies (D:10)
  12 kobolds
  A leopard gecko zombie (D:6)
  An orc skeleton (D:10)
  11 orc zombies (D:10)
  A quokka skeleton (D:8)
  3 rats
  A bush (Lair:6)
  4 fungi
  5 plants
638 creatures vanquished.

Vanquished Creatures (others)
  An orc warlord (Orc:2)
  A centaur warrior (D:13)
  A two-headed ogre (D:8)
  An orc high priest (Orc:2)
  An orc knight (Orc:2)
  2 rime drakes (Lair:2)
  A blink frog (Lair:6)
  A wyvern (D:8)
  An orc warrior (Orc:2)
  A killer bee (D:8)
  A human (D:3)
  A bullfrog (D:12)
  A hound (D:10)
  A worker ant (D:6)
  14 fungi
  16 plants
45 creatures vanquished.

Grand Total: 758 creatures vanquished

Notes
Turn   | Place    | Note
-------+----------+-------------------------------------------
     0 | D:1      | Sokar the Felid Summoner began the quest for the Orb.
     0 | D:1      | Reached XP level 1. HP: 7/7 MP: 4/4
   285 | D:1      | Reached skill level 1 in Unarmed Combat
   345 | D:1      | Reached XP level 2. HP: 7/11 MP: 1/6
   394 | D:1      | Learned a level 2 spell: Call Imp
   893 | D:2      | Noticed Robin
   942 | D:2      | Reached XP level 3. HP: 10/14 MP: 1/7
   947 | D:2      | Learned a level 3 spell: Call Canine Familiar
  1040 | D:2      | Killed Robin
  1040 | D:2      | Reached skill level 5 in Summonings
  1538 | D:3      | Found an ancient bone altar of Kikubaaqudgha.
  1566 | D:3      | Noticed a human
  1568 | D:3      | Killed a human
  1733 | D:3      | Reached XP level 4. HP: 17/18 MP: 2/8
  2089 | D:4      | Found Momofiq's Magic Scroll Emporium.
  2098 | D:4      | Bought a scroll of fear for 45 gold pieces
  2098 | D:4      | Bought a scroll of remove curse for 39 gold pieces
  2320 | D:4      | Reached XP level 5. HP: 13/21 MP: 2/9
  2346 | D:4      | Noticed an ogre
  2360 | D:4      | Reached skill level 1 in Evocations
  2391 | D:4      | Killed an ogre
  2429 | D:4      | Noticed a phantom
  2435 | D:4      | Learned a level 3 spell: Summon Guardian Golem
  2471 | D:4      | Killed a phantom
  2607 | D:4      | Found a shattered altar of Ashenzari.
  2613 | D:4      | Found an iron altar of Okawaru.
  2616 | D:4      | Found a glowing silver altar of Zin.
  2624 | D:4      | Found a snail-covered altar of Cheibriados.
  2849 | D:4      | Gained mutation: You are covered in thick fur. (AC +2)
                  | [Felid growth]
  2849 | D:4      | Reached XP level 6. HP: 24/24 MP: 5/11
  2916 | D:5      | Entered Level 5 of the Dungeon
  3123 | D:5      | Found Jimiwk's Antique Armour Emporium.
  3419 | D:5      | Noticed a sky beast
  3444 | D:5      | Killed a sky beast
  3444 | D:5      | Reached XP level 7. HP: 9/27 MP: 5/14
  3587 | D:5      | Found a bloodstained altar of Trog.
  3656 | D:5      | Reached skill level 5 in Evocations
  3662 | D:5      | Learned a level 4 spell: Summon Lightning Spire
  3816 | D:6      | Reached skill level 1 in Hexes
  3905 | D:6      | Found a glowing golden altar of the Shining One.
  3949 | D:6      | Reached skill level 1 in Air Magic
  4075 | D:6      | Slain by a jelly
  4076 | D:6      | Reached XP level 6. HP: 0/24 MP: 7/13
  4315 | D:6      | Found an ornate altar of the Wu Jian Council.
  4430 | D:7      | Found Naryser's Food Boutique.
  4468 | D:7      | Found a staircase to the Ecumenical Temple.
  4493 | Temple   | Entered the Ecumenical Temple
  4648 | Temple   | Became a worshipper of Ru the Awakened
  4792 | D:7      | Reached XP level 7. HP: 27/27 MP: 7/14
  4948 | D:7      | Noticed a spriggan baker
  4971 | D:7      | Killed a spriggan baker
  4971 | D:7      | Reached skill level 6 in Summonings
  5254 | D:7      | Found an iron altar of Okawaru.
  5437 | D:8      | Noticed a two-headed ogre
  5673 | D:8      | Reached skill level 7 in Summonings
  5760 | D:8      | Killed a two-headed ogre
  5760 | D:8      | Reached skill level 8 in Summonings
  5760 | D:8      | Reached XP level 8. HP: 29/31 MP: 1/15
  5928 | D:8      | Noticed a two-headed ogre
  5936 | D:8      | Found a burning altar of Makhleb.
  6012 | D:8      | Identified a scroll of acquirement
  6122 | D:8      | Reached skill level 9 in Summonings
  6597 | D:8      | Killed a two-headed ogre
  6600 | D:8      | Reached skill level 5 in Spellcasting
  6611 | D:8      | Found a stormy altar of Qazlal.
  6631 | D:8      | Slain by a killer bee
  6632 | D:8      | Reached XP level 7. HP: -3/27 MP: 9/15
  6720 | D:8      | Reached XP level 8. HP: 31/31 MP: 16/16
  7125 | D:9      | Noticed a hippogriff
  7150 | D:9      | Killed a hippogriff
  7605 | D:10     | Entered Level 10 of the Dungeon
  7693 | D:10     | Found a runed gate.
  7741 | D:10     | Reached skill level 10 in Summonings
  7748 | D:10     | Found a runed gate.
  7748 | D:10     | Found a staircase to the Orcish Mines.
  7804 | D:10     | Found a runed gate.
  7830 | D:10     | Noticed a two-headed ogre
  7890 | D:10     | Killed a two-headed ogre
  7890 | D:10     | Reached XP level 9. HP: 8/34 MP: 18/20
  7946 | D:10     | Noticed a gargoyle
  7997 | D:10     | Learned a level 4 spell: Summon Ice Beast
  8011 | D:10     | Noticed an unseen horror
  8033 | D:10     | Killed an unseen horror
  8089 | D:10     | Reached skill level 11 in Summonings
  8364 | D:10     | Reached skill level 1 in Ice Magic
  8392 | D:10     | Noticed LostNumber's ghost (journeyman BaHu)
  8488 | D:10     | Killed a gargoyle
  8572 | D:10     | Killed LostNumber's ghost
  8847 | D:10     | Got the ring of Fun {Fire}
  8853 | D:10     | Identified the ring of Fun {Fire rN+ Str+2} (You found it
                  | on level 10 of the Dungeon)
  9073 | D:10     | Upgraded the game from 0.23-a0-368-g82e90586b2 to
                  | 0.23-a0-372-g5ce4c07210
  9089 | D:11     | Found Guxtuhomyt's Gadget Emporium.
  9101 | D:11     | Bought a wand of paralysis (10) for 120 gold pieces
  9148 | D:11     | Noticed a two-headed ogre
  9155 | D:11     | Killed a two-headed ogre
  9155 | D:11     | Reached XP level 10. HP: 27/37 MP: 7/21
  9165 | D:11     | Reached skill level 12 in Summonings
  9176 | D:11     | Reached skill level 1 in Fighting
  9181 | D:11     | Reached skill level 5 in Dodging
  9209 | D:11     | Noticed a two-headed ogre
  9221 | D:11     | Killed a two-headed ogre
  9228 | D:11     | Noticed an unseen horror
  9246 | D:11     | Killed an unseen horror
  9353 | D:11     | Noticed a cyclops
  9587 | D:11     | Reached skill level 5 in Fighting
  9587 | D:11     | Reached skill level 10 in Dodging
  9587 | D:11     | Reached XP level 11. HP: 39/47 MP: 21/24
  9701 | D:11     | Found a staircase to the Lair.
 10077 | Lair:1   | Entered Level 1 of the Lair of Beasts
 10155 | Lair:1   | Noticed Gastronok
 10168 | Lair:1   | Killed Gastronok
 10445 | Lair:1   | Noticed an eight-headed hydra
 10454 | Lair:1   | Killed an eight-headed hydra
 10636 | Lair:1   | Found a runed door.
 10636 | Lair:1   | Noticed skelma's ghost (novice DsFi)
 10728 | Lair:1   | Killed skelma's ghost
 11003 | Lair:2   | Gained mutation: Your thick and shaggy fur keeps you warm.
                  | (AC +3, rC+) [Felid growth]
 11003 | Lair:2   | Reached XP level 12. HP: 53/53 MP: 18/25
 11953 | Lair:2   | Found a staircase to the Shoals.
 12616 | Lair:3   | Noticed a catoblepas
 12710 | Lair:3   | Killed a catoblepas
 13555 | Lair:4   | Noticed a seven-headed hydra
 13562 | Lair:4   | Killed a seven-headed hydra
 13610 | Lair:4   | Found a staircase to the Snake Pit.
 13901 | Lair:4   | Noticed a six-headed hydra
 13903 | Lair:4   | Gained mutation: You cannot train Dodging skill. [Ru
                  | sacrifice]
 13903 | Lair:4   | Reached * piety under Ru
 13903 | Lair:4   | Reached ** piety under Ru
 13903 | Lair:4   | Reached *** piety under Ru
 13918 | Lair:4   | Killed a six-headed hydra
 13947 | Lair:4   | Noticed a seven-headed hydra
 13956 | Lair:4   | Killed a seven-headed hydra
 14276 | Lair:4   | Noticed Rupert
 14297 | Lair:4   | Killed Rupert
 14297 | Lair:4   | Reached skill level 10 in Fighting
 14507 | Lair:4   | Noticed a death yak
 14507 | Lair:4   | Noticed a death yak
 14507 | Lair:4   | Noticed a death yak
 14591 | Lair:4   | Killed a death yak
 14603 | Lair:4   | Killed a death yak
 14610 | Lair:4   | Killed a death yak
 14649 | Lair:4   | Noticed a death yak
 14666 | Lair:4   | Killed a death yak
 15386 | Lair:5   | Found a labyrinth entrance.
 15395 | Lab      | Entered a labyrinth
 15524 | Lab      | Noticed a minotaur
 15561 | Lab      | Killed a minotaur
 15580 | Lab      | Identified the Papyrus of Congealing Feathers
 15581 | Lab      | Got a shimmering granite ring
 15582 | Lab      | Identified the ring "Hostul" {rN+ Str+3} (You found it in a
                  | labyrinth)
 15591 | Lab      | Learned a level 7 spell: Haunt
 15948 | Lair:5   | Reached XP level 13. HP: 61/61 MP: 20/27
 16034 | Lair:5   | Reached skill level 1 in Necromancy
 16622 | Lair:6   | Entered Level 6 of the Lair of Beasts
 17279 | Lair:6   | Gained mutation: You are slightly vulnerable to magic.
                  | (MR-) [Ru sacrifice]
 17279 | Lair:6   | Reached **** piety under Ru
 17523 | Lair:6   | Noticed an entropy weaver
 17555 | Lair:6   | Noticed an entropy weaver
 17585 | Lair:6   | Killed an entropy weaver
 17676 | Lair:6   | Killed an entropy weaver
 17958 | Lair:6   | Reached skill level 5 in Necromancy
 18101 | Lair:6   | Found a staircase to the Slime Pits.
 18101 | Lair:6   | Found a viscous altar of Jiyva.
 18469 | Lair:6   | Reached skill level 13 in Summonings
 19341 | Orc:1    | Entered Level 1 of the Orcish Mines
 19787 | Orc:2    | Entered Level 2 of the Orcish Mines
 19787 | Orc:2    | Found a staircase to the Elven Halls.
 19804 | Orc:2    | Killed from afar by an orc priest
 19805 | Orc:2    | Reached XP level 12. HP: 0/58 MP: 11/26
 20093 | Orc:2    | Noticed an orc warlord
 20095 | Orc:2    | Noticed Blork the orc
 20108 | Orc:2    | Killed Blork the orc
 20116 | Orc:2    | Killed an orc warlord
 20414 | Orc:2    | Found a roughly hewn altar of Beogh.
 20438 | Orc:2    | Killed an orc high priest
 20518 | Orc:2    | Found Jibeussigyo's General Store.
 20537 | Orc:2    | Found Couteol's Antique Weapon Shoppe.
 20553 | Orc:2    | Found Ositwini's Jewellery Shoppe.
 20568 | Orc:2    | Found Etaqowk's Antique Armour Shoppe.
 20597 | Orc:2    | Bought the ring of Guqonaet {*Contam rElec rF+ Str-2 Int+8}
                  | for 782 gold pieces
 20811 | Orc:2    | HP: 2/58 [orc priest/divine providence (16)]
 21205 | Orc:2    | HP: 2/58 [orc priest/divine providence[an orc knight] (10)]
 21210 | Orc:2    | Mangled by an orc warrior
 21211 | Orc:2    | Reached XP level 11. HP: -6/54 MP: 21/25
 21309 | Orc:2    | Killed an orc knight
 21505 | Orc:1    | Reached XP level 12. HP: 46/58 MP: 12/26
 21907 | D:12     | Noticed a death knight
 21931 | D:12     | Killed a death knight
 22666 | D:12     | Noticed a two-headed ogre
 22673 | D:12     | Killed a two-headed ogre
 22755 | D:12     | Gained mutation: You cannot drink potions while threatened.
                  | [Ru sacrifice]
 22755 | D:12     | Reached ***** piety under Ru
 23042 | D:12     | Found Afiyduwa's General Store.
 23111 | D:12     | Found a deep blue altar of Sif Muna.
 23548 | D:13     | Noticed Maurice
 23549 | D:13     | Noticed a centaur warrior
 23565 | D:13     | Killed a centaur warrior
 23573 | D:13     | HP: 2/58 [Maurice/+0 dagger (8)]
 23581 | D:13     | Killed Maurice
 23661 | D:13     | Slain by a killer bee

Vault maps used:
D:1:      ebering_trefoil_twist
D:2:      uniq_robin
D:3:      tgw_kikubaaqudgha
D:4:      minmay_diamond_boxcup, grunt_temple_overflow_cloverleaf, first_ration,
          serial_shops, shop, grunt_tough_drop
D:5:      nicolae_overflow_crystal_walls, serial_shops,
          nicolae_shop_competitors_out_of_business
D:6:      lemuel_crystal_altar, lemuel_doored_altar
D:7:      minmay_temple_entry_junction_2, serial_shops, shop_fountains,
          basic_altar, the_bakery, st_stairs_7
D:8:      kennysheep_little_box, makhleb_heckhound_becter
D:10:     zombieorc2_lemuel, gammafunk_ghost_icy
D:11:     erik_lair_orcish_takeover, serial_shops, nicolae_shop_window_shopping
D:12:     basic_altar, serial_shops, shop
D:13:     erik_vaults_2, uniq_maurice
Temple:   minmay_temple_curvy_branch
Lair:1:   ebering_ghost_inner_flame, uniq_gastronok
Lair:2:   minmay_shoals_entry_lonely_mermaid, st_stairs_11,
          bobbens_dragon_lair_wall
Lair:4:   beast_lair_carwin_large_3, guppyfry_snake_entry_garden,
          nzn_random_ring, serial_bayou_shore_b, uniq_rupert
Lair:5:   lab_entry_generic, minivault_25
Lair:6:   grunt_lair_end_beastmaster, slime_altar_1, zaba_anthell
Orc:1:    mines_bat_river
Orc:2:    grunt_orc_cross
Lab:      labyrinth_spiral, nicolae_lab_garden

Skill      XL: |  1  2  3  4  5  6  7  8  9 10 11 12 13 |
---------------+----------------------------------------+-----
Unarmed Combat | 1 2 |  2.7
Summonings     | 5 8 10 11 12 13 | 13.9
Stealth        | 3 4 6 |  6.9
Dodging        | 3 4 10 11 0 |  0.0
Evocations     | 2 4 5 6 |  6.0
Spellcasting   | 3 4 6 7 8 9 |  9.0
Hexes          | 4 3 |  4.0
Air Magic      | 1 |  1.0
Ice Magic      | 1 |  1.1
Fighting       | 5 6 10 | 10.3
Necromancy     | 7 6 |  7.9

Action                   |  1- 3 |  4- 6 |  7- 9 | 10-12 | 13-15 || total
-------------------------+-------+-------+-------+-------+-------++-------
Melee: Unarmed           |    59 |   144 |   138 |   208 |    60 ||   609
       Bite              |     5 |    13 |    14 |    19 |    10 ||    61
       Punch             |       |       |     1 |     2 |     2 ||     5
 Cast: Summon Small Mamm |    23 |     1 |       |       |       ||    24
       Call Imp          |    10 |    32 |    25 |       |       ||    67
       Call Canine Famil |     6 |    27 |    58 |    67 |    32 ||   190
       Summon Guardian G |       |     4 |    12 |    20 |     7 ||    43
       Summon Lightning  |       |       |    38 |   110 |    54 ||   202
       Summon Ice Beast  |       |       |    28 |   202 |   104 ||   334
Invok: Reject Sacrifices |       |       |     1 |       |       ||     1
       Power Leap        |       |       |       |     1 |       ||     1
       Draw Out Power    |       |       |       |     1 |       ||     1
       Sacrifice Drink   |       |       |       |     1 |       ||     1
       Sacrifice Nimblen |       |       |       |     1 |       ||     1
       Sacrifice Essence |       |       |       |       |     1 ||     1
Evoke: Wand              |       |       |    13 |    23 |     1 ||    37
       Lightning rod     |       |       |       |     4 |       ||     4
  Use: Scroll            |     6 |     9 |     9 |    10 |     2 ||    36
       Potion            |       |     1 |     6 |     4 |     2 ||    13
 Stab: Sleeping          |     7 |     8 |     6 |     7 |       ||    28
       Distracted        |       |       |     3 |     9 |     1 ||    13
       Paralysed         |       |       |       |     5 |       ||     5
       Invisible         |       |       |       |     2 |     1 ||     3
       Petrified         |       |       |       |     1 |       ||     1
  Eat: Chunk             |     9 |    15 |    22 |    50 |    16 ||   112
Armor: Skin              |    10 |     8 |    15 |    17 |    14 ||    64
Dodge: Dodged            |    61 |   143 |   172 |   289 |    65 ||   730
Block: Other             |     3 |    12 |     4 |       |       ||    19
       Reflection        |       |     1 |       |       |       ||     1

Table legend:
 A = Non-vault XP
 B = Vault XP
 C = Vault XP percentage of total XP
 D = Non-vault monster count
 E = Vault monster count
 F = Vault count percentage of total count
                 A         B        C        D         E       F
            +---------+---------+-------+---------+---------+-------
      Total |   33521 |   25523 |  43.2 |     481 |     232 |  32.5
            +---------+---------+-------+---------+---------+-------
        D:1 |      20 |       0 |   0.0 |      17 |       0 |   0.0
        D:2 |      34 |      19 |  35.8 |      11 |      11 |  50.0
        D:3 |      72 |       0 |   0.0 |      24 |       0 |   0.0
        D:4 |     202 |      65 |  24.3 |      14 |       6 |  30.0
        D:5 |     514 |       0 |   0.0 |      25 |       0 |   0.0
        D:6 |     272 |       0 |   0.0 |      16 |       0 |   0.0
        D:7 |     186 |     149 |  44.5 |       7 |       1 |  12.5
        D:8 |    1770 |      29 |   1.6 |      44 |       1 |   2.2
        D:9 |     479 |       0 |   0.0 |      13 |       0 |   0.0
       D:10 |    2172 |    1040 |  32.4 |      29 |      44 |  60.3
       D:11 |    3459 |     300 |   8.0 |      45 |       8 |  15.1
       D:12 |    3131 |       0 |   0.0 |      25 |       0 |   0.0
       D:13 |    1334 |     295 |  18.1 |      15 |       1 |   6.2
     Lair:1 |    2960 |    1691 |  36.4 |      22 |       3 |  12.0
     Lair:2 |    1959 |    3669 |  65.2 |      19 |      29 |  60.4
     Lair:3 |    1541 |       0 |   0.0 |      13 |       0 |   0.0
     Lair:4 |    3063 |    5550 |  64.4 |      21 |      21 |  50.0
     Lair:5 |    3044 |     303 |   9.1 |      18 |       2 |  10.0
     Lair:6 |    4696 |    7972 |  62.9 |      23 |      65 |  73.9
      Orc:1 |     966 |      11 |   1.1 |      32 |       7 |  17.9
      Orc:2 |    1647 |    4161 |  71.6 |      48 |      32 |  40.0
        Lab |       0 |     269 | 100.0 |       0 |       1 | 100.0
            +---------+---------+-------+---------+---------+-------
